 Dungeon Crawl Stone Soup version 0.29-a0-82-g837932c90e (webtiles) character file.

Game seed: 12617979245837148365

14 fragbeetle the Chopper (level 2, -1/26 HPs)
             Began as a Hill Orc Cinder Acolyte on Feb 4, 2022.
             Was a High Priest of Ignis.
             Slain by a goblin (2 damage)
             ... on level 1 of the Dungeon.
             The game lasted 00:00:33 (231 turns).

fragbeetle the Chopper (Hill Orc Cinder Acolyte)     Turns: 231, Time: 00:00:33

Health: -1/26      AC:  2    Str: 16    XL:     2   Next: 45%
Magic:  3/3        EV: 11    Int: 14    God:    Ignis [*****.]
Gold:   11         SH:  0    Dex:  6    Spells: 3/3 levels left

rFire   + . .      SeeInvis .   a - -1 hand axe (flame)
rCold   . . .      Faith    .   (no shield)
rNeg    . . .      Spirit   .   b - +0 robe
rPois   .          Reflect  .   (no helmet)
rElec   .          Harm     .   (no cloak)
rCorr   .          Rampage  .   (no gloves)
Will    .....                   (no boots)
Stlth   +.........              (no amulet)
HPRegen 0.08/turn               (no ring)
MPRegen 0.08/turn               (no ring)

@: no status effects
A: no striking features
a: Renounce Religion, Fiery Armour, Foxfire Swarm, Rising Flame


You were on level 1 of the Dungeon.
You worshipped Ignis.
Ignis was extremely pleased with you.
You visited 1 branch of the dungeon, and saw 1 of its levels.

You collected 11 gold pieces.

Inventory:

Hand Weapons
 a - a -1 hand axe of flaming (weapon)
Armour
 b - a +0 robe (worn)
Scrolls
 d - a scroll of amnesia {unknown}
 e - a scroll of identify {unknown}
Potions
 c - a potion of cancellation {unknown}


   Skills:
 - Level 3.6 Fighting
 * Level 4.4 Axes
 + Level 1.1 Spellcasting
 * Level 3.6 Fire Magic


You had 3 spell levels left.
You didn't know any spells.
Your spell library contained the following spells:

 Spells                   Type           Power      Damage    Failure   Level
 Scorch                   Fire           22%        2d6       9%          2


Dungeon Overview and Level Annotations

Branches:
Dungeon (1/15)

Altars:


Message History

You barely miss the dart slug.
A quokka comes into view.
You hit the dart slug. You burn the dart slug.
The dart slug is moderately wounded.
The dart slug closely misses you.
You hit the dart slug. You burn the dart slug.
You kill the dart slug!
You closely miss the kobold.
The kobold hits you with a +2 dagger of speed.
You miss the kobold. The kobold misses you.
You barely miss the kobold.
The kobold hits you with a +2 dagger of speed.
A goblin comes into view. It is wielding a +0 dagger.
The kobold hits you with a +2 dagger of speed.
The goblin shouts!
You hit the quokka. You burn the quokka.
The quokka is severely wounded.
You barely miss the kobold. The quokka barely misses you.
The kobold closely misses you. The quokka closely misses you.
You hit the quokka. You burn the quokka.
You kill the quokka!
You barely miss the kobold. The kobold barely misses you.
The kobold hits you with a +2 dagger of speed.
You are too injured to fight recklessly!
You are too injured to fight recklessly!
You are too injured to fight recklessly!
You barely miss the kobold.
The kobold hits you with a +2 dagger of speed.
* * * LOW HITPOINT WARNING * * *
The kobold hits you but does no damage.
You hit the kobold but do no damage. The kobold barely misses you.
The kobold completely misses you.
You barely miss the kobold.
The kobold hits you with a +2 dagger of speed.
* * * LOW HITPOINT WARNING * * *
You hit the kobold but do no damage. You barely miss the goblin.
The kobold hits you with a +2 dagger of speed.
* * * LOW HITPOINT WARNING * * *
The goblin hits you with a +0 dagger.
You die...

........# #.# ..
........# #.##.#
.........####.##.#####
.............?........
..........##.......#
...................#
.....>...###.......####.
.........# #............
......†..# #....@K.#...
.........# #.....g......
#......#)# ##...#....##.
########.# #...##.####
########.#...#.# .#
........##.###.# .#
..##...#...# #. ##
..##..#....# ###
#....#...#.# ..# ####


You could see a goblin and a kobold.

Vanquished Creatures
  A dart slug (D:1)
  2 ball pythons (D:1)
  2 endoplasms (D:1)
  A giant cockroach (D:1)
  A kobold (D:1)
  A quokka (D:1)
  A goblin (D:1)
  2 rats (D:1)
11 creatures vanquished.

Notes
Turn   | Place    | Note
-------+----------+-------------------------------------------
     0 | D:1      | fragbeetle the Hill Orc Cinder Acolyte began the quest for
                  | the Orb.
     0 | D:1      | Reached XP level 1. HP: 19/19 MP: 2/2
    95 | D:1      | Reached XP level 2. HP: 17/26 MP: 3/3
   231 | D:1      | HP: 1/26 [kobold (3)]
   231 | D:1      | Slain by a goblin

Illustrated notes

Levels and vault maps discovered:
D:1:      dpeg_arrival_signposts, layout_rooms,
          hellmonk_ecumenical_altar_crossroads, wad_floor_pattern_1,
          minivault_26

Action                   || total
-------------------------++-------
Melee: Hand axe          ||    30
Armor: Robe              ||     4
Dodge: Dodged            ||    16

Table legend: (Time is in decaauts)
 A = Elapsed time spent in this place.
 B = Non-inter-level travel time spent in this place.
 C = Inter-level travel time spent in this place.
 D = Time resting spent in this place.
 E = Time spent auto-exploring this place.
 F = Levels seen in this place.
 G = Mean time per level.
                   A        B        C        D        E       F      G
               +--------+--------+--------+--------+--------+-----+--------+
         Total |    233 |    233 |      0 |      0 |    180 |   1 |  233.0 |
       Dungeon |    233 |    233 |      0 |      0 |    180 |   1 |  233.0 |
               +--------+--------+--------+--------+--------+-----+--------+

Top non-repeatable levels by time:
     D:1: 233 daAuts
